AoeStats
← Red Calypso

Arena

508769604Analyzed
3v3 RM · 8d ago on Sep 24, 2026· 70m 23s· 6 players
Game mode
Random Map
Map size
Normal (6 player)
Population
200
Speed
Normal
Resources
Standard
Victory
Conquest
Starting age
Dark Age
Ending age
Imperial Age
RankedLock teamsTeams togetherTeam positionsShared explorationLock speedFull tech treeHidden civsTurbo modeCheats
Victory
Defeat
🇩🇪 Cumans · Germany
1512
+14
🇩🇪 Spanish · Germany
1438
+17
🇦🇹 Britons · Austria
1369
+21
🇨🇱 Teutons · Chile
1509
-19
🇨🇱 Khmer · Chile
1461
-17
🇨🇱 Japanese · Chile
1426
-16
Red Calypso
8:37 Loom
11:50 Feudal Age
14:39 Town Watch
15:05 Man-at-Arms
24:56 Double-Bit Axe
28:11 Castle Age
26:51 Gold Mining
27:41 Fletching
28:37 Padded Archer Armor
30:00 Bodkin Arrow
31:30 Ballistics
34:28 Wheelbarrow
35:11 Fortified Wall
35:47 Town Patrol
41:23 Imperial Age
39:21 Yeomen
39:28 Horse Collar
39:38 Pikeman
40:19 Squires
42:51 Bracer
43:35 Bow Saw
44:55 Chemistry
43:40 Halberdier
48:05 Two-Man Saw
47:10 Heavy Plow
48:05 Conscription
48:55 Forging
48:48 Scale Mail Armor
52:22 Elite Skirmisher
53:19 Chain Mail Armor
53:21 Leather Archer Armor
53:27 Chain Mail Armor
54:36 Ring Archer Armor
54:56 Forging
55:44 Hand Cart
56:17 Iron Casting
56:15 Plate Mail Armor
56:33 Crossbowman
58:13 Arson
59:06 Iron Casting
60:47 Masonry
60:18 Treadmill Crane
61:25 Murder Holes
Aremenius
10:37 Feudal Age
9:11 Loom
10:57 Feudal Age
12:29 Double-Bit Axe
12:25 Horse Collar
14:53 Castle Age
16:10 Bow Saw
28:17 Wheelbarrow
31:18 Imperial Age
29:36 Scale Barding Armor
30:04 Bloodlines
30:31 Husbandry
31:09 Chain Barding Armor
32:58 Chemistry
33:49 Cavalier
36:04 Fletching
39:18 Bodkin Arrow
39:23 Padded Archer Armor
40:01 Plate Barding Armor
40:37 Bracer
42:11 Leather Archer Armor
42:15 Forging
43:30 Elite Skirmisher
44:16 Thumb Ring
45:05 Light Cavalry
45:58 Guilds
46:18 Coinage
45:57 Caravan
48:13 Squires
48:02 Pikeman
49:28 Scale Mail Armor
50:04 Iron Casting
49:30 Halberdier
51:01 Chain Mail Armor
51:14 Conscription
52:42 Blast Furnace
55:14 Plate Mail Armor
56:08 Fervor
60:24 Paladin
66:30 Man-at-Arms
vR-MrReD
5:33 Loom
9:00 Feudal Age
9:32 Double-Bit Axe
10:26 Wheelbarrow
10:25 Horse Collar
20:15 Castle Age
19:15 Scale Barding Armor
19:20 Forging
19:13 Gold Mining
19:51 Bloodlines
21:16 Chain Barding Armor
22:45 Iron Casting
23:01 Bow Saw
25:29 Gold Mining
30:34 Gold Shaft Mining
34:12 Imperial Age
31:58 Hand Cart
32:16 Stone Mining
32:27 Heavy Plow
33:40 Capped Ram
34:20 Cavalier
35:42 Plate Barding Armor
36:01 Light Cavalry
37:55 Two-Man Saw
36:44 Paladin
37:51 Town Watch
40:20 Crop Rotation
40:16 Steppe Husbandry
40:24 Town Patrol
40:30 Squires
40:22 Pikeman
40:48 Arson
41:06 Scale Mail Armor
42:07 Blast Furnace
41:38 Conscription
41:08 Halberdier
42:20 Scale Mail Armor
43:54 Chain Mail Armor
45:35 Plate Mail Armor
47:00 Hussar
50:07 Caravan
50:37 Coinage
49:49 Siege Ram
60:30 Coinage
64:48 Banking
[KKCK]Erdinger_CLs
6:38 Loom
9:27 Feudal Age
14:45 Fletching
28:47 Castle Age
27:08 Gold Mining
27:18 Horse Collar
28:01 Double-Bit Axe
39:42 Wheelbarrow
40:35 Heavy Plow
45:32 Imperial Age
43:19 Hand Cart
43:44 Bow Saw
44:09 Forging
44:05 Scale Barding Armor
46:16 Chain Barding Armor
46:32 Iron Casting
46:27 Bloodlines
45:41 Cavalier
47:42 Plate Barding Armor
49:09 Chemistry
48:29 Ballistics
48:11 Bodkin Arrow
48:16 Padded Archer Armor
48:17 Town Watch
49:35 Two-Man Saw
49:43 Blast Furnace
48:06 Elite Skirmisher
49:59 Paladin
50:52 Stone Mining
51:23 Leather Archer Armor
52:33 Ballistics
52:34 Bombard Tower
54:22 Stone Shaft Mining
54:25 Ring Archer Armor
57:41 Caravan
john wick
10:25 Feudal Age
12:38 Wheelbarrow
15:42 Castle Age
13:32 Double-Bit Axe
13:56 Horse Collar
21:39 Squires
21:24 Arson
23:18 Fervor
23:44 Scale Mail Armor
24:02 Forging
25:09 Chain Mail Armor
27:43 Loom
28:51 Heavy Plow
29:35 Iron Casting
28:48 Gambesons
29:13 Town Watch
33:59 Imperial Age
31:44 Bow Saw
37:18 Plate Mail Armor
36:40 Fletching
39:28 Blast Furnace
41:12 Two-Man Saw
40:39 Treadmill Crane
42:24 Chemistry
41:16 Guard Tower
41:45 Stone Mining
41:46 Gold Mining
43:38 Bodkin Arrow
44:07 Ballistics
43:32 Arrowslits
44:23 Keep
43:40 Onager
45:04 Fortified Wall
45:54 Hand Cart
46:19 Gold Shaft Mining
48:03 Murder Holes
48:14 Siege Engineers
48:20 Masonry
50:46 Bracer
53:28 Coinage
55:16 Caravan
58:03 Yasama
58:25 Kataparuto
57:26 Elite Samurai
61:07 Padded Archer Armor
63:07 Elite Skirmisher
68:24 Pikeman
[KKCK]nachoalbo_
10:23 Feudal Age
13:30 Castle Age
11:56 Double-Bit Axe
12:26 Horse Collar
14:57 Bow Saw
15:09 Bloodlines
15:41 Wheelbarrow
21:03 Heavy Plow
22:55 Gold Mining
24:53 Hand Cart
25:48 Gold Shaft Mining
30:47 Imperial Age
28:09 Loom
28:19 Stone Mining
28:39 Husbandry
29:35 Forging
31:26 Iron Casting
31:29 Scale Barding Armor
34:15 Blast Furnace
35:28 Scale Mail Armor
35:48 Chain Barding Armor
37:46 Plate Barding Armor
37:47 Elite Battle Elephant
38:38 Elite Battle Elephant
40:33 Conscription
40:14 Tusk Swords
41:29 Fletching
43:52 Bodkin Arrow
49:05 Coinage
57:35 Murder Holes
58:54 Light Cavalry
61:10 Hussar
Connection lost

Rejoining the realm…

Still unreachable

The connection could not be restored.

Session expired

The server has moved on; the page needs a fresh start.